Cogmind - Beta 14 @@@ ROGUE MODE // 2024.08.10 @ 16:07:05 Player: Rosa Result: Destroyed by Y-54 Guardian with Flak Gun Performance ------------- Evolutions (3) 1500 Regions Visited (4) 800 Robots Destroyed (74) 370 Value Destroyed (2589) 2589 Prototype IDs (9) 180 Alien Tech Used (0) 0 Bonus (0) 0 TOTAL SCORE: 5439 Bonus ------- None Cogmind --------- Core Integrity 0/700 Matter 258/300 Energy 100/100 System Corruption 19% Temperature Cool (0) Movement Core (2200) Ox43 Location -7/Factory Parts ------- > --- POWER (2) -------- (None) > --- PROPULSION (5) --- (None) > --- UTILITY (3) ------ High-capacity Storage Unit Huge Storage Unit Target Analyzer > --- WEAPON (3) ------- Backup Laser VII Advanced Assault Cannon > --- INVENTORY (25) --- Backup Power VII Xenon Bombardment Thruster Hardened Medium Armor Plating Graphene Brace Heavy Hammer Peak State ------------ > --- POWER ------------ Backup Power VII Backup Power VII > --- PROPULSION ------- Backup Propulsion VII Backup Propulsion VII Backup Propulsion VII Backup Propulsion VII Xenon Bombardment Thruster > --- UTILITY ---------- High-capacity Storage Unit Huge Storage Unit Particle Charger > --- WEAPON ----------- Backup Laser VII Improved EM Pulse Cannon Advanced Assault Cannon > --- INVENTORY -------- Hardened Medium Armor Plating Graphene Brace Backup Laser VII Advanced Assault Cannon Heavy Hammer [Rating: 68] Favorites ----------- Power Light Nuclear Core Engine Ion Engine Power Core Light Nuclear Core Propulsion Backup Propulsion VII Treads Light Treads Leg Improved Aluminum Leg Wheel Wheel Hover Unit Backup Propulsion VII Flight Unit Xenon Bombardment Thruster Utility Huge Storage Unit Device Particle Charger Storage Huge Storage Unit Processor Advanced Targeting Computer Weapon Light Assault Rifle Energy Gun Backup Laser VII Energy Cannon EM Pulse Cannon Ballistic Gun Light Assault Rifle Ballistic Cannon Advanced Assault Cannon Launcher Grenade Launcher Build | -11 -10 -9 -8 -7 ------- Run | Yrd Mat Mat Mat Fac Slots Evolved 6 | . . 2 2 2 Power 1 | . . . 1 . Propulsion 3 | . . . 1 2 Utility 1 | . . 1 . . Weapon 1 | . . 1 . . Parts Attached 90 | 7 4 13 18 48 Power 18 | 1 . 2 5 10 Engine 6 | 1 . 2 2 1 Core 12 | . . . 3 9 Reactor . | . . . . . Propulsion 29 | 2 . 2 9 16 Treads 9 | . . . 5 4 Leg 3 | . . . 3 . Wheel 6 | 2 . 2 1 1 Hover 9 | . . . . 9 Flight 2 | . . . . 2 Utility 10 | 1 4 2 1 2 Device 2 | . . 1 . 1 Storage 5 | 1 4 . . . Processor 3 | . . 1 1 1 Hackware . | . . . . . Protection . | . . . . . Artifact . | . . . . . Weapon 33 | 3 . 7 3 20 Energy Gun 14 | 1 . . 3 10 Energy Cannon 3 | . . . . 3 Ballistic Gun 11 | 2 . 7 . 2 Ballistic Cannon 4 | . . . . 4 Launcher 1 | . . . . 1 Special Weapon . | . . . . . Impact Weapon . | . . . . . Slashing Weapon . | . . . . . Piercing Weapon . | . . . . . Special Melee Weapon . | . . . . . Unidentified Prototypes 1 | . . . . 1 Corrupted Parts 1 | . . . . 1 System Corruption 4 | . . . . 4 Parts Lost 40 | . . 1 5 34 Power 9 | . . . 1 8 Propulsion 11 | . . . 1 10 Utility 2 | . . . . 2 Weapon 18 | . . 1 3 14 Highest Loss Streak 8 | . . 1 4 8 To Critical Strikes . | . . . . . Average Slot Usage (%) 82 | . 99 91 93 74 Engine 5 | . 14 11 8 2 Core 8 | . . . 8 10 Treads 6 | . . . 10 6 Leg 1 | . . . 5 . Wheel 5 | . 28 22 5 . Hover 6 | . . . . 9 Device 1 | . . . . 2 Storage 17 | . 27 22 18 15 Processor 5 | . . 4 9 4 Energy Gun 7 | . . . 6 10 Energy Cannon 1 | . . . . 2 Ballistic Gun 11 | . 28 29 20 2 Ballistic Cannon 2 | . . . . 4 Peak Build Rating 68 | 6 7 15 29 68 Average Rating 28 | 4 6 11 21 35 On Entrance 11 | . 6 7 15 29 Naked Turns . | . . . . . Heaviest Build 150 | 14 128 134 141 150 Greatest Support 82 | 20 20 28 62 82 Greatest Overweight (x) 45 | 1 6 6 10 45 Average Overweight (x) 4 | . 4 4 3 5 Largest Inventory Capacity 25 | 8 25 25 25 25 Average Capacity 24 | 7 24 25 25 25 Most Carried 19 | 2 7 14 19 17 Average Carried 9 | 1 4 11 13 9 Final Capacity 25 | 8 25 25 25 25 Final Carried 14 | 2 7 14 13 5 Class Distribution -------------------- 62% | Gunner 18% | Scavenger-Gunner 18% | Mutant Dominant Class ---------------- Mutant | -10/Materials Scavenger-Gunner | -9/Materials Gunner | -8/Materials Gunner | -7/Factory Resources | -11 -10 -9 -8 -7 ----------- Run | Yrd Mat Mat Mat Fac Matter Collected 2046 | 240 67 209 630 900 Remotely . | . . . . . Salvage Created 2798 | . 143 238 1009 1408 Parts 164 | . 9 30 55 70 Haulers Intercepted 3 | . . . 1 2 Recyclers Shooed 1 | . . . . 1 Parts Field Recycled . | . . . . . Retrieved Matter . | . . . . . Parts Self-Destructed . | . . . . . Prevented . | . . . . . Kills | -11 -10 -9 -8 -7 ------- Run | Yrd Mat Mat Mat Fac Combat Hostiles Destroyed 51 | . 4 9 16 22 Guns 41 | . 4 9 15 13 Cannons 5 | . . . . 5 AOE 3 | . . . . 3 Classes Destroyed 13 | . 1 2 5 5 Worker 11 | . . . 3 8 Tunneler 1 | . . . . 1 Hauler 3 | . . . 1 2 Recycler 3 | . . . . 3 Mechanic 1 | . . . . 1 Watcher 4 | . . . 1 3 Swarmer 9 | . . 6 . 3 Grunt 29 | . 4 1 13 11 Brawler 1 | . . . . 1 Sentry 5 | . . 2 1 2 Hunter 1 | . . . 1 . Programmer 5 | . . . . 5 Heavy 1 | . . . 1 . Best Kill Streak 6 | . 2 3 6 5 Combat Bots Only 6 | . 2 3 6 4 Max Kills in Single Turn 4 | . 1 1 2 4 Gunslinging . | . . . . . Exploded 1 | . . . . 1 Melee . | . . . . . Uniques/NPCs Destroyed . | . . . . . Combat | -11 -10 -9 -8 -7 -------- Run | Yrd Mat Mat Mat Fac Hostile Shots Fired 623 | . 19 81 82 441 Missed 180 | . 6 18 15 141 Damage Taken 5851 | . 141 600 1305 3805 Core 1088 | . 45 94 249 700 Absorbed by Shields . | . . . . . Core Remaining (%) 78 | 100 82 76 54 . Volleys Fired 215 | . 16 32 66 101 Largest 3 | . 2 3 3 3 Hottest 195 | . 40 63 140 195 Shots Fired 545 | . 32 81 191 241 Gun 481 | . 32 81 191 177 Cannon 61 | . . . . 61 Launcher 3 | . . . . 3 Special . | . . . . . Kinetic 332 | . 32 81 154 65 Thermal 120 | . . . . 120 Explosive 3 | . . . . 3 Electromagnetic 90 | . . . 37 53 Robot Hit Streak 23 | . 7 5 23 20 Robot Miss Streak 9 | . 3 5 4 9 Penetration Max . | . . . . . Secondary Targets 6 | . 1 2 2 1 Max Gunslinging Chain 1 | . 1 1 1 1 Shots Hit Robots 351 | . 21 45 131 154 Core Hits 147 | . 10 16 51 70 Critical Kills 1 | . . . . 1 Critical Parts Destroyed . | . . . . . Critical Strikes 8 | . . . 2 6 Burn 1 | . . . . 1 Destroy 1 | . . . . 1 Blast 3 | . . . . 3 Corrupt 3 | . . . 2 1 Melee Attacks . | . . . . . Impact . | . . . . . Slashing . | . . . . . Piercing . | . . . . . Sneak Attacks . | . . . . . Combat Hostiles . | . . . . . Follow-up Attacks . | . . . . . Damage Inflicted 6093 | . 205 467 1911 3510 Guns 4520 | . 205 467 1866 1982 Cannons 695 | . . . . 695 Explosions 878 | . . . 45 833 Melee . | . . . . . Ramming . | . . . . . Kinetic 2952 | . 205 467 1441 839 Thermal 1807 | . . . 45 1762 Explosive 289 | . . . . 289 Electromagnetic 1045 | . . . 425 620 Impact . | . . . . . Slashing . | . . . . . Piercing . | . . . . . Highest Corruption 19 | . . . . 19 Average Corruption 11 | . . . . 11 Corruption Purged . | . . . . . Corruption Blocked . | . . . . . Effects 91 | . . . . 91 Message Errors 22 | . . . . 22 Matter Fused 21 | . . . . 21 Heat Flow Errors 12 | . . . . 12 Energy Discharges 12 | . . . . 12 Parts Rejected 2 | . . . . 2 Data Loss (minor) 11 | . . . . 11 Data Loss (major) 3 | . . . . 3 Misfires 2 | . . . . 2 Alerts 1 | . . . . 1 Weapon Failures 5 | . . . . 5 Overload Shots . | . . . . . Overflow Damage 106 | . . . . 106 Projectiles 1 | . . . . 1 Explosions 105 | . . . . 105 Melee . | . . . . . Knockbacks 7 | . . . . 7 Impact . | . . . . . Kinetic 7 | . . . . 7 Secondary . | . . . . . Self-Inflicted Damage 132 | . . . . 132 Shots 4 | . . . . 4 Rammed . | . . . . . Targets Rammed . | . . . . . Kicked . | . . . . . Crushed . | . . . . . Highest Temperature 568 | . 18 116 306 568 Average Temperature 114 | . 8 45 79 135 Received Heat Transfer 1488 | . 78 129 459 822 Effects 17 | . . . 1 16 Shutdowns 6 | . . . . 6 Energy Bleed 1 | . . . . 1 Interference 4 | . . . 1 3 Matter Decay 1 | . . . . 1 Short Circuit 2 | . . . . 2 Damage (minor) 1 | . . . . 1 Damage (major) 2 | . . . . 2 Siege Activations . | . . . . . Robots Corrupted 1 | . . . 1 . Combat Hostiles 1 | . . . 1 . Parts Fried 6 | . . . 2 4 Impact Corruptions . | . . . . . Robots Melted 1 | . . . . 1 Combat Hostiles 1 | . . . . 1 Parts Melted 6 | . . . . 6 Heat Transferred 3111 | . . . 50 3061 Parts Sabotaged . | . . . . . Parts Stolen . | . . . . . Parts Stripped . | . . . . . Power Chain Reactions 2 | . . . 1 1 Alert | -11 -10 -9 -8 -7 ------- Run | Yrd Mat Mat Mat Fac Peak Influence 339 | . 115 310 223 339 Initial 97 | . . 48 46 97 Average 146 | . 50 179 135 158 Maximum Alert Level 1 | . . 1 1 1 Low Security (%) 69 | 100 100 47 93 60 Level 1 30 | . . 52 6 39 Level 2 . | . . . . . Level 3 . | . . . . . Level 4 . | . . . . . Level 5 . | . . . . . High Security . | . . . . . Max Security . | . . . . . Squads Dispatched 18 | . 1 2 5 10 Investigation 5 | . . 1 2 2 Extermination 5 | . . . . 5 Reinforcement 7 | . 1 1 3 2 Assault 1 | . . . . 1 Garrison . | . . . . . Intercept . | . . . . . Searches Triggered . | . . . . . Construction Impeded . | . . . . . Haulers Reinforced 2 | . . . . 2 Active Scanning Responses . | . . . . . Cargo Convoy Interrupts . | . . . . . Stealth | -11 -10 -9 -8 -7 --------- Run | Yrd Mat Mat Mat Fac Distress Signals 7 | . . 3 3 1 Communications Jammed . | . . . . . Distress Signals . | . . . . . Times Spotted 88 | . 7 11 27 43 Peak Tracking Total 6 | . 4 5 6 6 Tactical Retreats 6 | . . 1 1 4 Traps | -11 -10 -9 -8 -7 ------- Run | Yrd Mat Mat Mat Fac Traps Triggered 2 | . . . 1 1 Indirectly . | . . . . . Trap Hack Attempts . | . . . . . Triggered . | . . . . . Disarmed . | . . . . . Reprogrammed . | . . . . . Reused . | . . . . . Traps Extracted . | . . . . . Installed . | . . . . . Triggered . | . . . . . Machines | -11 -10 -9 -8 -7 ---------- Run | Yrd Mat Mat Mat Fac Machines Disabled 18 | . . . 1 17 Max in Single Turn 5 | . . . 1 5 Garrison Access 1 | . . . . 1 Machines Repaired . | . . . . . Machines Dismantled . | . . . . . Machines Sabotaged . | . . . . . Overloaded Fab Kills . | . . . . . Hacking | -11 -10 -9 -8 -7 --------- Run | Yrd Mat Mat Mat Fac Machines Accessed 12 | . 3 4 3 2 Terminals 8 | . 2 3 2 1 Fabricators . | . . . . . Repair Stations 2 | . . . 1 1 Recycling Units 1 | . 1 . . . Scanalyzers 1 | . . 1 . . Garrison Access . | . . . . . Total Hacks 33 | . 6 13 9 5 Successful 26 | . 6 9 8 3 Failed 7 | . . 4 1 2 Catastrophic . | . . . . . Database Lockouts . | . . . . . Manual 4 | . 3 . . 1 Terminals 23 | . 4 11 6 2 Fabricators . | . . . . . Repair Stations 6 | . . . 3 3 Recycling Units 2 | . 2 . . . Scanalyzers 2 | . . 2 . . Garrison Access . | . . . . . Terminal Hacks 20 | . 4 8 6 2 Record 13 | . 2 6 4 1 Prototype ID Bank 4 | . 1 2 . 1 Emergency Access Points 2 | . 1 . 1 . Registered Components 1 | . . . 1 . Fabricator Hacks . | . . . . . Repair Station Hacks 3 | . . . 2 1 Scan Component 3 | . . . 2 1 Recycling Unit Hacks 2 | . 2 . . . Report Inventory 1 | . 1 . . . Retrieve Components 1 | . 1 . . . Scanalyzer 1 | . . 1 . . Insert Component 1 | . . 1 . . Garrison Access Hacks . | . . . . . Unauthorized Hacks . | . . . . . Terminals . | . . . . . Fabricators . | . . . . . Repair Stations . | . . . . . Recycling Units . | . . . . . Scanalyzers . | . . . . . Garrison Access . | . . . . . Data Cores Recovered . | . . . . . Used . | . . . . . Hacking Detections 10 | . 2 3 3 2 Full Trace Events 3 | . . . 1 2 Feedback Events 1 | . . . . 1 Corruption 1 | . . . . 1 Feedback Blocked . | . . . . . Robot Schematics Acquired . | . . . . . Robots Built . | . . . . . Authchips . | . . . . . Time . | . . . . . Total Robot Build Rating . | . . . . . Part Schematics Acquired . | . . . . . Parts Built . | . . . . . Authchips . | . . . . . Time . | . . . . . Total Part Build Rating . | . . . . . Parts Repaired . | . . . . . Time . | . . . . . Parts Recycled . | . . . . . Recycled Matter . | . . . . . Retrieved Matter . | . . . . . Retrieved Components 2 | . 2 . . . Parts Scanalyzed 1 | . . 1 . . Part Schematics Acquired . | . . . . . Parts Damaged 1 | . . 1 . . Bothacking | -11 -10 -9 -8 -7 ------------ Run | Yrd Mat Mat Mat Fac Used RIF Installer . | . . . . . Robots Hacked . | . . . . . Non-combat . | . . . . . Combat . | . . . . . Robot Hacks Applied . | . . . . . Relay Couplers Released 2 | . . . . 2 Machine Destruction 2 | . . . . 2 Fabnet Peak Effective % . | . . . . . Robots Rewired . | . . . . . Allies Hacked . | . . . . . Hacks Repelled . | . . . . . Allies | -11 -10 -9 -8 -7 -------- Run | Yrd Mat Mat Mat Fac Total Allies 3 | . . . . 3 Largest Group 3 | . . . . 3 Highest-Rated Group 93 | . . . . 93 Highest-Rated Ally 31 | . . . . 31 Total Orders . | . . . . . Ally Attacks 20 | . . . . 20 Total Damage 280 | . . . . 280 Kills . | . . . . . Allies Corrupted . | . . . . . Allies Melted 2 | . . . . 2 Intel | -11 -10 -9 -8 -7 ------- Run | Yrd Mat Mat Mat Fac Robot Analysis Total . | . . . . . Derelict Logs Recovered . | . . . . . Drone Launches . | . . . . . Drone Recoveries . | . . . . . Exploration | -11 -10 -9 -8 -7 ------------- Run | Yrd Mat Mat Mat Fac Turns Passed 4718 | 39 322 425 1071 2861 Spaces Moved 1236 | 33 185 197 308 513 Core 4 | 1 . . . 3 Treads 321 | . . . 123 198 Legs 41 | . . . 41 . Wheels 568 | 32 185 197 144 10 Hover 301 | . . . . 301 Flight 1 | . . . . 1 Fastest Speed 50 | 50 80 155 138 228 Average Speed 316 | 82 143 158 267 484 Slowest Speed 2300 | 95 170 170 820 2300 Overloaded Moves . | . . . . . Propulsion Burnouts . | . . . . . Robots Hopped . | . . . . . Cave-ins Triggered . | . . . . . Exploration Rate (%) 19 | 3 26 23 29 15 Regions Visited 4 Branch Regions . Pre-discovered Areas . | . . . . . Known Exits Taken . | . . . . . Unknown Exits Taken 4 | 1 1 1 1 . Scrap Searched . | . . . . . Spaces Dug . | . . . . . Terrain Destroyed 44 | . . . . 44 Melee . | . . . . . Projectile 2 | . . . . 2 AOE 42 | . . . . 42 Terrain Rammed . | . . . . . Walls Destroyed . | . . . . . Machines Disabled . | . . . . . Actions | -11 -10 -9 -8 -7 --------- Run | Yrd Mat Mat Mat Fac Total 1645 | 41 214 249 434 707 Wait 35 | . 1 . 17 17 Move 1232 | 32 184 196 307 513 Hop . | . . . . . Pick Up 27 | 2 5 2 10 8 Fast Attach 37 | 6 2 5 6 18 Attach 30 | . 1 . 5 24 Detach 19 | . 2 2 3 12 Swap 23 | 1 1 8 7 6 Drop 27 | . 2 4 13 8 Fire 215 | . 16 32 66 101 Melee . | . . . . . Ram . | . . . . . Kick . | . . . . . Crush . | . . . . . Escape Stasis . | . . . . . Rewire . | . . . . . Trap . | . . . . . Miscellaneous . | . . . . . Route ------- -11/Scrapyard -10/Materials -9/Materials -8/Materials -7/Factory History --------- Turn | Location | Event 22 | -11/Scrapyard | Discovered new exit (range 16) 40 | -11/Scrapyard | Entered Materials 169 | -10/Materials | Discovered new exit (range 16) 310 | -10/Materials | Build established: Mutant 362 | -10/Materials | Entered another Materials area 362 | -9/Materials | Evolved 2 slots: Utility x1, Weapon x1 771 | -9/Materials | Discovered new exit (range 8) 787 | -9/Materials | Entered another Materials area 787 | -8/Materials | Evolved 2 slots: Power x1, Propulsion x1 1032 | -8/Materials | Build established: Gunner 1534 | -8/Materials | Build established: Scavenger-Gunner 1635 | -8/Materials | Lost 4 parts (1p3w) 1841 | -8/Materials | Discovered new exit (range 3) 1858 | -8/Materials | Entered Factory 1858 | -7/Factory | Evolved 2 slots: Propulsion x2 2161 | -7/Factory | Lost 8 parts (1p2n5w) 2433 | -7/Factory | Core integrity fell below 50% 2475 | -7/Factory | Lost 5 parts (2p1n2w) 2895 | -7/Factory | System corruption reached 10% 3069 | -7/Factory | Build established: Gunner 3476 | -7/Factory | Core integrity fell below 20% 3510 | -7/Factory | Lost 7 parts (3p1n1u2w) 4719 | -7/Factory | Destroyed by Y-54 Guardian with Flak Gun Last Messages --------------- 04668_ Assault Cannon destroyed. 04676_ System corrupted: Imp. EM Pulse Cannon failed to cycle. 04682_ Wheel destroyed. 04685_ Backup Laser VII destroyed. 04685_ Imp. EM Pulse Cannon destroyed. 04686_ Power failure, Backup Power VII shutdown. 04689_ Power failure, Mic. Nuclear Core shutdown. 04689_ Backup Power VII destroyed. 04690_ Y-54 Guardian Gatling Laser blasted off. 04691_ R-06 Scavenger collects Imp. Heat Sink. 04692_ Y-54 Guardian heat damages Flak Gun, Imp. Heat Sink. 04694_ System corrupted: Matter fused (-7). 04697_ R-06 Scavenger collects Wheel. 04709_ System corrupted: Matter fused (-5). 04717_ Y-54 Guardian misfires. 04719_ Mic. Nuclear Core destroyed. [Achievement: 5k Club] Map ----- +----------------------------------------------------+ | ""?????############??# ????????????????????????? | | ""?????# "T" ! ?# ????????????????????????? | | ???# ## ????????????????????????? | | ??# ## ######+#######??????????? | | ?# """"""""" # ^ ?????????? | | ?# # ?????????? | | ###+##?# + ????????? | | ?## #??# /// # ????????? | | #??# /// # % ????????? | | ??# #??# // ##### #####+##???????????????? | | ??# #### #???# #??????????????????????? | | ??# + #???# #??????????????????????? | | ??# # #???# #??????????????????????? | | ### %%################## #??????????????????????? | | % + + % #??????????????????????? | | ###+########## ####### #??????????????????????? | | ###??# #?????#*#??????????????????????? | | [ #????# #?????#]#??????????????????????? | | #????# #?????#=#??????????????????????? | | """ #????# #######*#??????????????????????? | | """ #????# + == !!#??????????????????????? | | "S #????# #######!#??????????????????????? | | """ #????# #?????# #??????????????????????? | | "" #????######???### ###????????????????????? | | ?? #?????????????# #????????????????????? | | ??#######?????????????# @ #????????????????????? | | ????????????????? ! Y ???????????????? | | ??????????????"""" # #######??????????????? | | ???????????????""" ??# #????????????????????? | | ???????????????"""????## ##????????????????????? | | ???????????????"???????# #?????????????????????? | | ???????????????????????# #?????????????????????? | | ???????????????????????# #?????????????????????? | | ???????????????????????# #?????????????????????? | | ??????????????????????? ?????????????????????? | | ??????????????????????? ?????????????????????? | | ??????????????????????? [ ?????????????????????? | | ??????????????????????? % ?????????????????????? | | ??????????????????????? ?????????????????????? | | ??????????????????????? ?????????????????????? | | ??????????????????????? w ?????????????????????? | | ?????????????????????????????????????????????????? | | ?????????????????????????????????????????????????? | | ?????????????????????????????????????????????????? | | ?????????????????????????????????????????????????? | | ?????????????????????????????????????????????????? | | ?????????????????????????????????????????????????? | | ?????????????????????????????????????????????????? | | ?????????????????????????????????????????????????? | | | +----------------------------------------------------+ Best States ------------- Heat Dissipation 38 Energy Generation 29 Energy Capacity 415 Matter Stores 300 Matter Capacity 300 Sight Range 16 Terrain Scan Density 10 Evasion (%) 44 Targeting Accuracy 8 Target Analysis 5 Recoil Reduction 4 Particle Charging 15 Item Schematics ----------------- None Robot Schematics ------------------ None Fabricated ------------ Nothing Alien Tech Used ----------------- None Achievements -------------- 5k Club Tank Challenges ------------ None Game ------ Seed HoverGlidesysStorm Manual? 0 Play Time 00:27:42 Cumulative 11.8 hours Start 2024.08.10 @ 15:39:44 End 2024.08.10 @ 16:07:05 Sessions 1 Manual Loads 0 Difficulty Rogue Special Mode None Game No. 47 Rogue 45 Adventurer 0 Explorer 2 Win Type - Total 0 Types 0/0/0/0/0/0/0/0/0 Lore% 3 Gallery% 20 Achievement% 13 Wizard Run 0 Options --------- Layout 1 ASCII 0 Keyboard 0 Movement Numpad Keybinds 0 Fullscreen 1 Font 32/SmallcapsGlow Map View 50x35 Zoom Use 0% Tactical HUD 1 Map Filters NONE Filters NONE Steam 1 RUN: b738cd74-d7e1-4b27-9951-bb185a0837b5